Map: Newkirk Precinct TE (Void)

Players

Pokebunny

  • Race: Terran Terran
  • League: Grandmaster
  • Spawn Location: 5:00

xKawaiian - Winner!

  • Race: Terran Terran
  • League: Grandmaster
  • Spawn Location: 7:00

VOD

Have the link to the VOD?

Description

Time

  • Played on: Feb. 23, 2017, 1:13 a.m.
  • Length: 3:34
Show
View Real Time Build Order
Export as new Build Order

Pokebunny Terran 

Build Orders: Cyclone Opening, Reaper Expand 

Get SALT Encoding   

  12  0:01  SCV  
  13  0:13  SCV  
  14  0:18  Supply Depot  
  14  0:25  SCV  
  15  0:31  Refinery  
  15  0:40  SCV  
  16  0:46  Barracks  
  16  0:52  SCV  
  18  1:04  SCV  
  18  1:16  SCV  
  19  1:33  Reaper, Orbital Command  
  20  1:44  Command Center  
  20  1:55  Factory  
  20  1:59  SCV  
  21  2:05  Refinery  
  21  2:08  Barracks Reactor  
  21  2:11  SCV  
  22  2:16  Supply Depot  
  22  2:23  SCV  
  23  2:38  SCV  
  23  2:39  Starport  
  24  2:46  Marine x2  
  24  2:49  Cyclone  
  24  2:50  SCV  
  29  2:53  Supply Depot  
  28  3:02  SCV  
  28  3:04  Marine x2  
Show
View Real Time Build Order
Export as new Build Order

xKawaiian Terran - Winner!

Build Orders:  

Get SALT Encoding   

  12  0:00  SCV  
  13  0:12  SCV  
  14  0:20  Supply Depot  
  14  0:25  SCV  
  15  0:49  Barracks  
  15  0:50  Barracks  
  15  0:57  Refinery  
  15  1:00  SCV  
  16  1:08  Refinery  
  16  1:36  Barracks Tech Lab  
  16  1:37  Barracks Tech Lab  
  16  1:40  Orbital Command  
  16  1:44  Supply Depot  
  16  1:55  Marauder  
  18  2:07  Marauder  
  20  2:12  Concussive Shells  
  20  2:21  Marauder  
  22  2:23  SCV  
  23  2:30  Marauder  
  23  2:36  SCV  
  26  2:43  Marauder  
  28  2:51  Bunker  
  28  2:57  Marauder  
Tags
 
Add a new tag
Caveats
  • Supply blocks, unpowered buildings, or Contaminate may cause inaccurate times.
  • Supply counts are checked every 10 seconds.